MID
LANSING LUGNUTS @ BOWLING GREEN HOT RODS
08/30/2048
 
TOP OF THE 1ST
Lansing Lugnuts batting - Pitching for Bowling Green Hot Rods : RHP Julio Trejo
Pitching: RHP Julio Trejo
Batting: LHB Timo Gomez 0-0: Fly out, F4 (Line Drive, 4D, EV 73.8 MPH)
Batting: RHB Raul de la Cruz 0-0: Ball
1-0: Ball
2-0: Ball
3-0: Base on Balls
Batting: SHB Gregg Whitecotton 0-0: Ball
Raul de la Cruz steals 2nd base
1-0: Called Strike
1-1: Reached on error, E3 (Groundball, 34S, EV 90.0 MPH)
Raul de la Cruz to third
Batting: RHB John Michener 0-0: Ball
Gregg Whitecotton is caught stealing 2nd base 2-4
1-0: Foul Ball, location: 2F
1-1: Ground out 1-3 (Groundball, 13, EV 66.9 MPH)
Top of the 1st over - 0 runs, 0 hits, 1 error, 1 left on base; Lansing 0 - Bowling Green 0
BOTTOM OF THE 1ST
Bowling Green Hot Rods batting - Pitching for Lansing Lugnuts : RHP Takehide Tanaka
Pitching: RHP Takehide Tanaka
Batting: RHB Adam Turpin 0-0: Called Strike
0-1: Ball
1-1: Ground out 6-3 (Groundball, 6, EV 86.9 MPH)
Batting: RHB Alex Zamora 0-0: Ball
1-0: Fly out, F2 (Popup, 23F, EV 81.2 MPH)
Batting: SHB Wayne Hattan 0-0: Ball
1-0: Fly out, F8 (Flyball, 89D, EV 105.6 MPH)
Bottom of the 1st over - 0 runs, 0 hits, 0 errors, 0 left on base; Lansing 0 - Bowling Green 0
TOP OF THE 2ND
Lansing Lugnuts batting - Pitching for Bowling Green Hot Rods : RHP Julio Trejo
Batting: LHB Frank Nelson 0-0: Called Strike
0-1: SINGLE (Flyball, 3D, EV 82.5 MPH)
Batting: RHB Jose Ontiveros 0-0: Called Strike
Frank Nelson is caught stealing 2nd base 2-4
0-1: Ball
1-1: Foul Ball, location: 2F
1-2: Ball
2-2: Ball
3-2: Foul Ball, location: 2F
3-2: Ground out 6-3 (Groundball, 56, EV 105.6 MPH)
Batting: RHB Dan Muns 0-0: Foul Ball, location: 2F
0-1: Ball
1-1: Ball
2-1: DOUBLE (Groundball, 5L, EV 100.6 MPH)
Batting: LHB Roger Escareno 0-0: Called Strike
0-1: Fly out, F2 (Popup, 2LF, EV 92.5 MPH)
Top of the 2nd over - 0 runs, 2 hits, 0 errors, 1 left on base; Lansing 0 - Bowling Green 0
BOTTOM OF THE 2ND
Bowling Green Hot Rods batting - Pitching for Lansing Lugnuts : RHP Takehide Tanaka
Batting: LHB Mario Ocana 0-0: Ball
1-0: Ground out U3 (Groundball, 3S, EV 83.1 MPH)
Batting: RHB Isaiah Easter 0-0: Called Strike
0-1: Ground out 2-3 (Groundball, 15S, EV 65.6 MPH)
Batting: LHB Sean Banks 0-0: Called Strike
0-1: Foul Ball, location: 2F
0-2: Ball
1-2: DOUBLE (Line Drive, 9LS, EV 93.8 MPH)
Batting: RHB Jason Penfield 0-0: Ball
1-0: Foul Ball, location: 2F
1-1: Called Strike
1-2: Foul Ball, location: 2F
1-2: Foul Ball, location: 2F
1-2: Foul Ball, location: 2F
1-2: Ball
Wild Pitch!
Sean Banks to third
2-2: Strikes out looking
Bottom of the 2nd over - 0 runs, 1 hit, 0 errors, 1 left on base; Lansing 0 - Bowling Green 0
TOP OF THE 3RD
Lansing Lugnuts batting - Pitching for Bowling Green Hot Rods : RHP Julio Trejo
Batting: RHB Shunsuke Shiba Inu 0-0: Fly out, F8 (Line Drive, 8LD, EV 95.6 MPH)
Batting: LHB Timo Gomez 0-0: SINGLE (Groundball, 6S, EV 65.0 MPH) (infield hit)
Batting: RHB Raul de la Cruz 0-0: Ball
Timo Gomez steals 2nd base
1-0: Called Strike
1-1: Foul Ball, location: 2F
1-2: Hit by Pitch
Batting: SHB Gregg Whitecotton 0-0: Ball
Timo Gomez steals 3rd base
1-0: Called Strike
1-1: Fielders Choice at 2nd, 4-6 (Groundball, 34, EV 86.9 MPH)
Timo Gomez scores
Batting: RHB John Michener 0-0: Called Strike
0-1: Ball
1-1: Ball
2-1: Called Strike
2-2: Strikes out swinging
Top of the 3rd over - 1 run, 1 hit, 0 errors, 1 left on base; Lansing 1 - Bowling Green 0
BOTTOM OF THE 3RD
Bowling Green Hot Rods batting - Pitching for Lansing Lugnuts : RHP Takehide Tanaka
Batting: RHB Jim Erdody 0-0: Fly out, F9 (Flyball, 89S, EV 93.8 MPH)
Batting: LHB Rich Matthews 0-0: Foul Ball, location: 2F
0-1: SINGLE (Line Drive, 34, EV 98.8 MPH)
Batting: RHB Adam Turpin 0-0: Ball
Wild Pitch!
Rich Matthews to second
1-0: Fly out, F8 (Line Drive, 8RD, EV 90.0 MPH)
Batting: RHB Alex Zamora 0-0: Ball
1-0: Called Strike
1-1: Called Strike
1-2: Ground out 4-3 (Groundball, 4, EV 91.9 MPH)
Bottom of the 3rd over - 0 runs, 1 hit, 0 errors, 1 left on base; Lansing 1 - Bowling Green 0
TOP OF THE 4TH
Lansing Lugnuts batting - Pitching for Bowling Green Hot Rods : RHP Julio Trejo
Batting: LHB Frank Nelson 0-0: SINGLE (Groundball, 56S, EV 65.0 MPH) (infield hit)
Batting: RHB Jose Ontiveros 0-0: Ball
1-0: Ball
2-0: Ball
3-0: Called Strike
3-1: Ground out 5-3 (Groundball, 5S, EV 74.4 MPH)
Frank Nelson to second
Batting: RHB Dan Muns 0-0: Ball
1-0: Called Strike
1-1: Ball
2-1: Foul Ball, location: 2F
2-2: Fly out, F9 (Flyball, 9D, EV 96.9 MPH)
Batting: LHB Roger Escareno 0-0: Ball
1-0: Called Strike
1-1: Foul Ball, location: 2F
1-2: Hit by Pitch
Batting: RHB Shunsuke Shiba Inu 0-0: Ball
1-0: Ball
2-0: Called Strike
2-1: Ball
3-1: Ground out 4-3 (Groundball, 34, EV 100.0 MPH)
Top of the 4th over - 0 runs, 1 hit, 0 errors, 2 left on base; Lansing 1 - Bowling Green 0
BOTTOM OF THE 4TH
Bowling Green Hot Rods batting - Pitching for Lansing Lugnuts : RHP Takehide Tanaka
Batting: SHB Wayne Hattan 0-0: Called Strike
0-1: Ground out 5-3 (Groundball, 5, EV 80.6 MPH)
Batting: LHB Mario Ocana 0-0: Called Strike
0-1: Swinging Strike
0-2: Ball
1-2: Foul Ball, location: 2F
1-2: Strikes out swinging
Batting: RHB Isaiah Easter 0-0: Foul Ball, location: 2F
0-1: Foul Ball, location: 2F
0-2: Foul Ball, location: 2F
0-2: Ball
1-2: Ball
2-2: Foul Ball, location: 2F
2-2: Strikes out swinging
Bottom of the 4th over - 0 runs, 0 hits, 0 errors, 0 left on base; Lansing 1 - Bowling Green 0
TOP OF THE 5TH
Lansing Lugnuts batting - Pitching for Bowling Green Hot Rods : RHP Julio Trejo
Batting: LHB Timo Gomez 0-0: Called Strike
0-1: Called Strike
0-2: Strikes out looking
Batting: RHB Raul de la Cruz 0-0: Ball
1-0: Ground out 5-3 (Groundball, 5, EV 88.8 MPH)
Batting: SHB Gregg Whitecotton 0-0: Ball
1-0: Fly out, F8 (Flyball, 78D, EV 98.8 MPH)
Top of the 5th over - 0 runs, 0 hits, 0 errors, 0 left on base; Lansing 1 - Bowling Green 0
BOTTOM OF THE 5TH
Bowling Green Hot Rods batting - Pitching for Lansing Lugnuts : RHP Takehide Tanaka
Batting: LHB Sean Banks 0-0: Called Strike
0-1: Ball
1-1: Foul Ball, location: 2F
1-2: Strikes out swinging
Batting: RHB Jason Penfield 0-0: Ball
1-0: Ball
2-0: Foul Ball, location: 2F
2-1: Ground out 6-3 (Groundball, 6, EV 91.2 MPH)
Batting: RHB Jim Erdody 0-0: Foul Ball, location: 2F
0-1: Called Strike
0-2: Strikes out swinging
Bottom of the 5th over - 0 runs, 0 hits, 0 errors, 0 left on base; Lansing 1 - Bowling Green 0
TOP OF THE 6TH
Lansing Lugnuts batting - Pitching for Bowling Green Hot Rods : RHP Julio Trejo
Batting: RHB John Michener 0-0: Fly out, F9 (Line Drive, 8RD, EV 93.8 MPH)
Batting: LHB Frank Nelson 0-0: Called Strike
0-1: Ball
1-1: Ball
2-1: Ball
3-1: Base on Balls
Batting: RHB Jose Ontiveros 0-0: Called Strike
Frank Nelson is caught stealing 2nd base 2-4
0-1: Ball
1-1: Fly out, F9 (Flyball, 89D, EV 85.0 MPH)
Top of the 6th over - 0 runs, 0 hits, 0 errors, 0 left on base; Lansing 1 - Bowling Green 0
BOTTOM OF THE 6TH
Bowling Green Hot Rods batting - Pitching for Lansing Lugnuts : RHP Takehide Tanaka
Batting: LHB Rich Matthews 0-0: Ball
1-0: SINGLE (Groundball, 34D, EV 96.2 MPH)
Batting: RHB Adam Turpin 0-0: Foul Ball, location: 2F
0-1: Ball
1-1: Ball
2-1: Ground out 5-3 (Groundball, 56, EV 108.1 MPH)
Rich Matthews to second
Batting: RHB Alex Zamora 0-0: Ball
1-0: Swinging Strike
1-1: Swinging Strike
1-2: Strikes out swinging
Batting: SHB Wayne Hattan 0-0: Ball
1-0: Ball
2-0: Ball
3-0: Called Strike
3-1: Swinging Strike
3-2: Ground out 6-3 (Groundball, 6, EV 101.9 MPH)
Bottom of the 6th over - 0 runs, 1 hit, 0 errors, 1 left on base; Lansing 1 - Bowling Green 0
TOP OF THE 7TH
Lansing Lugnuts batting - Pitching for Bowling Green Hot Rods : RHP Julio Trejo
Batting: RHB Dan Muns 0-0: Swinging Strike
0-1: Foul Ball, location: 2F
0-2: Ball
1-2: Ball
2-2: Fly out, F8 (Flyball, 78M, EV 88.8 MPH)
Batting: LHB Roger Escareno 0-0: Called Strike
0-1: Foul Ball, location: 2F
0-2: Strikes out swinging
Batting: RHB Shunsuke Shiba Inu 0-0: Ground out 6-3 (Groundball, 6MS, EV 85.6 MPH)
Top of the 7th over - 0 runs, 0 hits, 0 errors, 0 left on base; Lansing 1 - Bowling Green 0
BOTTOM OF THE 7TH
Bowling Green Hot Rods batting - Pitching for Lansing Lugnuts : RHP Takehide Tanaka
Now at 2B: Dylan Phillips
Now in LF: Timo Gomez
Now in CF: Julio Canseco
Batting: LHB Mario Ocana 0-0: Fly out, F8 (Flyball, 8RD, EV 102.5 MPH)
Batting: RHB Isaiah Easter 0-0: Ball
1-0: Foul Ball, location: 2F
1-1: Fly out, F7 (Flyball, 7, EV 90.0 MPH)
Batting: LHB Sean Banks 0-0: Ground out U3 (Groundball, 3, EV 81.9 MPH)
Bottom of the 7th over - 0 runs, 0 hits, 0 errors, 0 left on base; Lansing 1 - Bowling Green 0
TOP OF THE 8TH
Lansing Lugnuts batting - Pitching for Bowling Green Hot Rods : RHP Julio Trejo
Batting: LHB Timo Gomez 0-0: Ball
1-0: Ball
2-0: Called Strike
2-1: Ball
3-1: Base on Balls
Batting: RHB Raul de la Cruz 0-0: Swinging Strike
0-1: Ball
Timo Gomez steals 2nd base
1-1: SINGLE (Line Drive, 9S, EV 108.1 MPH)
Timo Gomez to third
Batting: SHB Gregg Whitecotton 0-0: Called Strike
0-1: Ball
1-1: Ball
2-1: Ball
3-1: Foul Ball, location: 2F
3-2: Base on Balls
Raul de la Cruz to second
Batting: RHB John Michener 0-0: Ball
1-0: Swinging Strike
1-1: Ball
2-1: Foul Ball, location: 2F
2-2: Foul Ball, location: 2F
2-2: Foul Ball, location: 2F
2-2: Strikes out swinging
Pitching: LHP Melvin Millan
Batting: LHB Frank Nelson 0-0: Ball
1-0: Grounds into fielders choice 3-2 (Groundball, 34S, EV 91.9 MPH)
Raul de la Cruz to third
Gregg Whitecotton to second
Batting: RHB Dylan Phillips 0-0: Ball
1-0: Ground out 4-3 (Groundball, 34, EV 103.1 MPH)
Top of the 8th over - 0 runs, 1 hit, 0 errors, 3 left on base; Lansing 1 - Bowling Green 0
BOTTOM OF THE 8TH
Bowling Green Hot Rods batting - Pitching for Lansing Lugnuts : RHP Takehide Tanaka
Batting: RHB Jason Penfield 0-0: Called Strike
0-1: SOLO HOME RUN (Flyball, 9D, EV 95.6 MPH), Distance : 370 ft
Batting: RHB Jim Erdody 0-0: Called Strike
0-1: Ball
1-1: SINGLE (Groundball, 34D, EV 98.8 MPH)
Batting: LHB Rich Matthews 0-0: Sac Bunt to 15S - play at first, batter OUT! 1-3
Jim Erdody to second
Batting: RHB Adam Turpin 0-0: Ball
1-0: Ball
2-0: Ball
3-0: Called Strike
3-1: Swinging Strike
3-2: Reached via error on a dropped throw from 2B, E3 (Groundball, 34, EV 106.2 MPH)
Jim Erdody to third
Batting: RHB Alex Zamora 0-0: SINGLE (Groundball, 56D, EV 101.9 MPH)
Jim Erdody scores
Adam Turpin to second
Batting: SHB Wayne Hattan 0-0: SINGLE (Groundball, 4MD, EV 104.4 MPH)
Adam Turpin to third
Alex Zamora to second
Runner from 3rd tries for Home, SAFE, throw by CF to home
Batting: LHB Mario Ocana 0-0: Called Strike
0-1: Foul Ball, location: 2F
0-2: Ball
1-2: Foul Ball, location: 2F
1-2: Fly out, F8 (Flyball, 8LS, EV 91.9 MPH)
Batting: RHB Isaiah Easter 0-0: Called Strike
0-1: 3-RUN HOME RUN (Flyball, 7D, EV 96.2 MPH), Distance : 365 ft
Pitching: LHP Mike Oakes
Batting: LHB Sean Banks 0-0: Ground out U3 (Groundball, 3, EV 88.8 MPH)
Bottom of the 8th over - 6 runs, 5 hits, 1 error, 0 left on base; Lansing 1 - Bowling Green 6
TOP OF THE 9TH
Lansing Lugnuts batting - Pitching for Bowling Green Hot Rods : LHP Melvin Millan
Batting: RHB Dan Muns 0-0: Ground out 6-3 (Groundball, 6, EV 83.8 MPH)
Batting: LHB Roger Escareno 0-0: Swinging Strike
0-1: Ball
1-1: Ball
2-1: Ball
3-1: Base on Balls
Batting: LHB Julio Canseco 0-0: Called Strike
0-1: Ball
1-1: Fly out, F8 (Flyball, 89M, EV 85.6 MPH)
Batting: LHB Timo Gomez 0-0: Called Strike
0-1: DOUBLE (Flyball, 8LXD, EV 100.0 MPH)
Roger Escareno to third
Batting: RHB Raul de la Cruz 0-0: Ball
1-0: Swinging Strike
1-1: Ball
2-1: Foul Ball, location: 2F
2-2: Ball
3-2: Fly out, F4 (Line Drive, 34D, EV 68.1 MPH)
Top of the 9th over - 0 runs, 1 hit, 0 errors, 2 left on base; Lansing 1 - Bowling Green 6
Tuesday, March 28th , 2023 - OOTP Baseball 23.10 Build 110